 Dungeon Crawl Stone Soup version 0.26.1-10-gdfb7c7de75 (webtiles) character file.

Game seed: 6722675435077828343

1546 tardwrangler69 the Cleaver (level 8, 0/71 HPs)
             Began as a Minotaur Fighter on Mar 31, 2021.
             Was a Believer of Okawaru.
             Slain by Harold
             ... wielding a +0 trident
              (11 damage)
             ... on level 7 of the Dungeon.
             The game lasted 00:04:43 (5719 turns).

tardwrangler69 the Cleaver (Minotaur Fighter)       Turns: 5719, Time: 00:04:44

Health: 0/71       AC: 16    Str: 24    XL:     8   Next: 57%
Magic:  7/7        EV:  5    Int:  5    God:    Okawaru [**....]
Gold:   284        SH: 10    Dex:  9    Spells: 7/7 levels left

rFire    + . .     SeeInvis .   a - +0 war axe
rCold    x . .     Faith    .   c - +0 kite shield
rNeg     . . .     Spirit   .   z - +0 plate armour
rPois    .         Reflect  .   (helmet restricted)
rElec    .         Harm     .   v - +2 cloak {rCorr}
rCorr    +         Rampage  .   (no gloves)
Will     .....                  (no boots)
Stlth    ..........             r - amulet of the acrobat
HPRegen  0.21/turn              g - ring of fire
MPRegen  0.10/turn              (no ring)

@: no status effects
A: retaliatory headbutt, horns 2
a: Renounce Religion, Heroism


You were on level 7 of the Dungeon.
You worshipped Okawaru.
Okawaru was pleased with you.
You visited 1 branch of the dungeon, and saw 7 of its levels.

You collected 284 gold pieces.

Inventory:

Hand Weapons
 a - a +0 war axe (weapon)
Armour
 c - a +0 kite shield (worn)
 v - a +2 cloak of preservation (worn)
 z - a +0 plate armour (worn)
Jewellery
 g - a ring of fire (left hand)
 r - an amulet of the acrobat (around neck)
Scrolls
 e - 6 scrolls of teleportation {unknown}
 f - 4 scrolls of enchant weapon {unknown}
 h - a scroll of enchant armour {unknown}
 j - 2 scrolls of amnesia {unknown}
 k - 2 scrolls of remove curse {unknown}
 l - 3 scrolls of immolation {unknown}
 o - a scroll of magic mapping {unknown}
 p - 2 scrolls of fear {unknown}
 x - 4 scrolls of identify {unknown}
Potions
 d - a potion of might
 i - 2 potions of magic {unknown}
 m - 2 potions of brilliance {unknown}
 n - 3 potions of curing
 q - 2 potions of mutation {unknown}
 s - a potion of flight {unknown}
 t - 3 potions of ambrosia {unknown}
 u - a potion of berserk rage {unknown}
 w - a potion of haste {unknown}


   Skills:
 + Level 6.8 Fighting
 * Level 8.5 Axes
 + Level 6.8 Armour
 + Level 6.8 Shields


You had 7 spell levels left.
You didn't know any spells.
Your spell library contained the following spells:

 Spells                   Type           Power        Failure   Level
 Summon Lightning Spire   Summ/Air       0%           100%        4
 Silence                  Hex/Air        0%           100%        5
 Conjure Ball Lightning   Conj/Air       0%           100%        6
 Tornado                  Air            0%           100%        9


Dungeon Overview and Level Annotations

Branches:
Dungeon (7/15)             Temple (0/1) D:6

Altars:
Gozag
Okawaru
Trog
Wu Jian
Zin

Annotations:
D:7 Harold


Innate Abilities, Weirdness & Mutations

You reflexively headbutt those who attack you in melee.
You have a pair of horns on your head.


Message History

You hit Harold.
Harold is moderately wounded.
Harold hits you with a +0 trident!
* * * LOW HITPOINT WARNING * * *
You slash Harold! You headbutt Harold!
Harold is severely wounded.
Harold points at you and mumbles some strange words.
You barely resist. You hit Harold but do no damage.
Harold is severely wounded.
You block Harold's attack. Harold hits you with a +0 trident!
* * * LOW HITPOINT WARNING * * *
You hit Harold but do no damage. Your headbutt misses Harold.
Harold is severely wounded.
You block Harold's attack.
It was a potion of curing.
You feel better.
You hit Harold but do no damage.
Harold is severely wounded.
Harold hits you with a +0 trident!
You die...

####.### #.# #...#
######.# #.#.#
###....... # #.#.#
#......##.
##.#.##.#.#####.#.##.##.
........#.......#.##....
#.#..##.#########.#####.
^... #.# #.#####. ...
#@# #....... .. #@#
######## # #o# .o# ...
.#.# ...# .#..#


You could see Harold, an orc wizard and an orc.

Vanquished Creatures
  Grinder (D:3)
  Menkaure (D:6)
  An orc warrior (D:6)
  An ice beast (D:5)
  An ogre (D:7)
  A centaur (D:5)
  2 bullfrogs
  2 scorpions
  A jelly (D:7)
  5 orc wizards
  Crazy Yiuf (D:3)
  A centaur skeleton (D:4)
  A bullfrog skeleton (D:5)
  An iguana (D:5)
  3 worker ants
  Terence (D:3)
  A hound skeleton (D:6)
  7 gnolls
  8 adders
  A white imp (D:5)
  2 oozes
  An adder zombie (D:5)
  2 dart slugs (D:4)
  5 leopard geckos
  21 orcs
  2 ball pythons (D:2)
  5 giant cockroaches
  6 goblins
  10 hobgoblins
  5 kobolds
  A quokka (D:4)
  7 bats
  7 frilled lizards
  A jackal skeleton (D:7)
  6 rats
122 creatures vanquished.

Notes
Turn   | Place    | Note
-------+----------+-------------------------------------------
     0 | D:1      | tardwrangler69 the Minotaur Fighter began the quest for the
                  | Orb.
     0 | D:1      | Reached XP level 1. HP: 19/19 MP: 0/0
   274 | D:1      | Reached XP level 2. HP: 22/27 MP: 1/1
   280 | D:1      | Reached skill level 3 in Axes
   795 | D:2      | Reached XP level 3. HP: 31/33 MP: 2/2
  1664 | D:3      | Reached XP level 4. HP: 40/40 MP: 3/3
  1774 | D:3      | Reached skill level 4 in Axes
  1821 | D:3      | Noticed Grinder
  1845 | D:3      | Killed Grinder
  1846 | D:3      | Reached skill level 5 in Axes
  1846 | D:3      | Reached XP level 5. HP: 22/47 MP: 4/4
  1846 | D:3      | Reached XP level 6. HP: 26/55 MP: 5/5
  2121 | D:3      | Found a glowing silver altar of Zin.
  2320 | D:3      | Noticed Terence
  2324 | D:3      | Killed Terence
  2325 | D:3      | Reached skill level 5 in Fighting
  2325 | D:3      | Reached skill level 5 in Armour
  2325 | D:3      | Reached skill level 5 in Shields
  3075 | D:3      | Found a runed translucent door.
  3076 | D:3      | Noticed Crazy Yiuf
  3122 | D:3      | Killed Crazy Yiuf
  3341 | D:4      | Found an iron altar of Okawaru.
  3415 | D:4      | Became a worshipper of Warmaster Okawaru
  3586 | D:4      | Reached skill level 6 in Axes
  3634 | D:4      | Reached XP level 7. HP: 46/61 MP: 6/6
  3932 | D:5      | Entered Level 5 of the Dungeon
  4106 | D:5      | Found a bloodstained altar of Trog.
  4614 | D:5      | Reached skill level 7 in Axes
  4618 | D:5      | Reached * piety under Okawaru
  4764 | D:5      | Reached XP level 8. HP: 70/70 MP: 7/7
  4915 | D:6      | Found a staircase to the Ecumenical Temple.
  4944 | D:6      | Noticed Menkaure
  4950 | D:6      | Killed Menkaure
  5047 | D:6      | Reached skill level 8 in Axes
  5127 | D:6      | Found an ornate altar of the Wu Jian Council.
  5459 | D:6      | Found an opulent altar of Gozag.
  5697 | D:7      | Noticed Harold
  5701 | D:7      | Reached ** piety under Okawaru
  5719 | D:7      | Slain by Harold

Illustrated notes

Levels and vault maps discovered:
D:1:      giann_horns, layout_basic
D:2:      cheibrodos_helix_gallery, layout_loops_ring
D:3:      minmay_door_path, layout_loops_ring, lemuel_crystal_altar,
          uniq_crazy_yiuf_cottage, uniq_grinder, uniq_terence
D:4:      layout_rooms, kennysheep_mini_moat
D:5:      lemuel_upstairs_altar, layout_loops_ring,
          nicolae_overflow_hidden_temple
D:6:      layout_rooms, marbit_many_paths, temple_statues, basic_altar,
          minmay_misc_feat_chi, uniq_menkaure
D:7:      layout_loops_cross, serial_shops, shop, uniq_harold

Skill      XL: |  1  2  3  4  5  6  7  8 |
---------------+-------------------------+-----
Axes           | 3 5 6 7 8 |  8.5
Fighting       | 4 5 6 |  6.8
Armour         | 4 5 6 |  6.8
Shields        | 4 5 6 |  6.8

Action                   |  1- 3 |  4- 6 |  7- 9 || total
-------------------------+-------+-------+-------++-------
Melee: War axe           |    82 |   138 |   138 ||   358
       Headbutt          |     8 |    18 |    25 ||    51
  Use: Potion            |       |       |     1 ||     1
 Stab: Invisible         |       |     1 |       ||     1
Armor: Scale mail        |    41 |    42 |    31 ||   114
       Plate armour      |       |       |     5 ||     5
Dodge: Dodged            |    26 |    45 |    33 ||   104
Block: Kite shield       |    28 |    83 |    62 ||   173
